[Event "Titled Tuesday Blitz June 6 Early 2023"]
[White "Manukian, Artak"]
[Black "mohsengabr2002"]
[WhiteFideId "13301373"]
[WhiteElo "2130"]
[BlackElo "2230"]
[Result "0-1"]
[Round "5"]
[TimeControl "180+2"]
[Date "2023.06.06"]
[WhiteClock "0:00:35"]
[BlackClock "0:01:47"]
[Board "160"]

1. e4 e6 2. d4 d5 3. e5 c5 4. c3 Nc6 5. Nf3 Qb6 6. a3 a5 7. a4 Bd7 8. Na3 cxd4 9. cxd4 Bb4+ 10. Bd2 Nxd4 11. Nxd4 Qxd4 12. Nb5 Bxd2+ 13. Qxd2 Qxd2+ 14. Kxd2 Bxb5 15. Bxb5+ Kd8 16. Rhc1 Ne7 17. Rc3 Rc8 18. Rac1 Rxc3 19. Rxc3 f6 20. exf6 gxf6 21. f4 Rg8 22. g3 e5 23. fxe5 fxe5 24. Rf3 Rg6 25. Rf7 Rh6 26. h4 e4 27. Ke3 Rg6 28. Kf4 h5 29. Be2 Ke8 30. Rh7 Rf6+ 31. Ke5 Rb6 32. Bb5+ Kf8 33. Rxh5 e3 34. Kd4 Re6 35. Re5 Nc6+ 36. Bxc6 Rxe5 0-1


[Site "https://www.chess.com"]

[Event "Titled Tuesday Blitz June 6 Early 2023"]
[White "Gatterer, Florian"]
[Black "Larina, Maria"]
[WhiteFideId "811688"]
[BlackFideId "24113182"]
[WhiteElo "2221"]
[BlackElo "1848"]
[Result "1-0"]
[Round "5"]
[TimeControl "180+2"]
[Date "2023.06.06"]
[WhiteClock "0:00:55"]
[BlackClock "0:00:29"]
[Board "161"]

1. e4 c6 2. d4 d5 3. e5 Bf5 4. Nf3 e6 5. c3 Ne7 6. Be3 Nd7 7. a4 a5 8. Nbd2 h6 9. Be2 Nc8 10. O-O Ncb6 11. Ne1 Be7 12. Bd3 Bxd3 13. Nxd3 O-O 14. f4 Nc4 15. Bf2 Nxd2 16. Qxd2 Nb6 17. b3 f5 18. exf6 Bxf6 19. Rae1 Re8 20. Nc5 Qc8 21. g4 Kh7 22. g5 Bd8 23. gxh6 gxh6 24. Qd3+ Kh8 25. Kh1 Bf6 26. Qg6 Bg7 27. Rxe6 Nd7 28. Rxe8+ Qxe8 29. Qxe8+ Rxe8 30. Nxd7 Re2 31. Be1 Rb2 32. f5 Kg8 33. f6 Bf8 34. f7+ Kg7 35. Nxf8 Kxf8 36. Bg3 Rxb3 37. Bd6+ Kg7 38. f8=Q+ Kg6 39. Qf5+ Kg7 40. Qf7+ Kh8 41. Be5# 1-0


[Site "https://www.chess.com"]

[Event "Titled Tuesday Blitz June 6 Early 2023"]
[White "Samaganova, Aleksandra"]
[Black "Vivas Zamora, Fabian Ernesto"]
[WhiteFideId "13800221"]
[BlackFideId "3902480"]
[WhiteElo "1858"]
[BlackElo "2244"]
[Result "1-0"]
[Round "5"]
[TimeControl "180+2"]
[Date "2023.06.06"]
[WhiteClock "0:00:02"]
[BlackClock "0:00:01"]
[Board "162"]

1. c4 Nf6 2. Nc3 g6 3. g3 Bg7 4. Bg2 O-O 5. Nf3 c5 6. d3 d5 7. cxd5 Nxd5 8. Bd2 Nc7 9. O-O Nc6 10. h3 b6 11. Qc1 Re8 12. Bh6 Bh8 13. a3 Bb7 14. Rb1 Rc8 15. Rd1 Ne6 16. Ng5 Ned4 17. Qf4 Nf5 18. Nge4 Ncd4 19. Kh2 Ne6 20. Qc1 Qc7 21. Bd2 Nfd4 22. b4 cxb4 23. Rxb4 Qd7 24. Qb1 Nc5 25. Nxc5 Rxc5 26. Bxb7 Qxb7 27. Ne4 Re5 28. Bf4 Re6 29. e3 Nc6 30. Rc4 Qd7 31. d4 Na5 32. Rc2 Rc6 33. Rxc6 Qxc6 34. Rc1 Qd5 35. Nd2 Rd8 36. Qe4 Qxe4 37. Nxe4 Bg7 38. Rc7 Bf8 39. Rxa7 h6 40. Ra6 Nc4 41. Bc7 Rd5 42. Bxb6 f5 43. Nc5 Rd6 44. Na4 e5 45. Ra8 1-0


[Site "https://www.chess.com"]

[Event "Titled Tuesday Blitz June 6 Early 2023"]
[White "Begunov, Konstantin"]
[Black "Escudero Donoso, Felipe"]
[WhiteFideId "4118510"]
[BlackFideId "3410595"]
[WhiteElo "1993"]
[BlackElo "2184"]
[Result "1/2-1/2"]
[Round "5"]
[TimeControl "180+2"]
[Date "2023.06.06"]
[WhiteClock "0:00:30"]
[BlackClock "0:00:14"]
[Board "163"]

1. d4 d5 2. c4 e6 3. Nc3 c5 4. cxd5 exd5 5. Nf3 Nc6 6. g3 Nf6 7. Bg2 Be7 8. O-O O-O 9. Bg5 c4 10. b3 Qa5 11. Bd2 Bb4 12. Qc2 Bg4 13. a3 Be7 14. bxc4 Bxf3 15. Nxd5 Qd8 16. exf3 Nxd5 17. cxd5 Nxd4 18. Qd3 Qxd5 19. f4 Qd7 20. Bc3 Bf6 21. Rfd1 Rfd8 22. Qe4 Rac8 23. Bxd4 Bxd4 24. Qxb7 Qxb7 25. Bxb7 Rb8 26. Rab1 g6 27. Kg2 Kg7 28. a4 Bb6 29. Rxd8 Rxd8 30. Rb2 Rd4 31. Bc6 Rc4 32. Bb5 Rc1 33. Rd2 Rc7 34. Rd5 h6 35. Bd3 Re7 36. a5 Bc7 37. Kf3 Kf6 38. f5 g5 39. Rc5 Bd6 40. Rc6 Ke5 41. Bc4 f6 42. g4 Rc7 43. Rxc7 Bxc7 44. h3 Bxa5 45. Ba6 Bb6 46. Kg3 Ke4 47. f3+ Kd5 48. f4 Bc7 49. Kf3 Bxf4 50. Ke2 Kc6 51. Kd3 Kb6 52. Bc4 a5 53. Bf7 Kc5 54. Kc3 Be5+ 55. Kb3 Kd4 56. Ka4 Bc7 57. Kb5 Ke3 58. Kc6 Bd8 59. Kd7 Bb6 60. Kc6 Bd4 61. Kb5 Bc3 62. Kc4 Bb4 63. Kb5 Kf3 64. Ka4 Kg3 65. Bh5 Kxh3 66. Kb5 Kg3 67. Ka4 Kf4 68. Kb5 Ke5 69. Ka4 Kd4 70. Kb5 Kc3 71. Ka4 Kc4 72. Bg6 Kc5 73. Bh5 Bd2 74. Bg6 Kb6 75. Bh5 Bf4 76. Bg6 Kc5 77. Bh5 Bd2 78. Bg6 Kd6 79. Bh5 Ke5 80. Bg6 Kf4 81. Bh5 Kg3 82. Kb5 Be1 83. Ka4 Kf4 84. Kb5 Bc3 85. Ka4 Ke3 86. Kb5 Kd3 87. Ka4 Kc2 88. Bg6 Bd4 89. Bh5 Bc3 90. Bg6 Bd2 91. Bh5 Kb2 92. Bg6 Kc2 93. Bh5 Kb2 94. Bg6 Kc2 1/2-1/2


[Site "https://www.chess.com"]

[Event "Titled Tuesday Blitz June 6 Early 2023"]
[White "Cramling Bellon, Anna"]
[Black "Tarasova, Viktoriya"]
[WhiteFideId "32009232"]
[BlackFideId "4175840"]
[WhiteElo "1976"]
[BlackElo "2182"]
[Result "0-1"]
[Round "5"]
[TimeControl "180+2"]
[Date "2023.06.06"]
[WhiteClock "0:00:01"]
[BlackClock "0:00:15"]
[Board "164"]

1. d4 Nf6 2. c4 e6 3. Nc3 Bb4 4. Qc2 O-O 5. e4 d5 6. cxd5 exd5 7. e5 Ne4 8. Bd3 c5 9. Nf3 Bg4 10. O-O Nc6 11. Nxd5 Bxf3 12. gxf3 Nxd4 13. Qd1 Ng5 14. Bxg5 Qxg5+ 15. Kh1 Qxe5 16. Ne3 Rad8 17. Rg1 Qf4 18. Rg2 Nxf3 19. Qb1 h6 20. a3 Ba5 21. b4 cxb4 22. Qb2 Qd4 23. Qxd4 Rxd4 24. axb4 Bxb4 25. Be2 Ng5 26. h4 Rxh4+ 27. Rh2 Rxh2+ 28. Kxh2 a5 29. Rg1 Bd6+ 30. Kh1 Ra8 31. Nf5 Be5 32. Bd3 a4 33. Rg4 a3 0-1


[Site "https://www.chess.com"]

[Event "Titled Tuesday Blitz June 6 Early 2023"]
[White "KSho99"]
[Black "Shapiro, Daniel"]
[BlackFideId "2001780"]
[WhiteElo "2206"]
[BlackElo "2383"]
[Result "0-1"]
[Round "5"]
[TimeControl "180+2"]
[Date "2023.06.06"]
[WhiteClock "0:00:06"]
[BlackClock "0:00:37"]
[Board "165"]

1. Nc3 c5 2. Nf3 e6 3. d4 cxd4 4. Nxd4 a6 5. g3 Qc7 6. Bg2 Nf6 7. O-O Nc6 8. Nb3 Rb8 9. a4 b6 10. Bf4 d6 11. Qd2 Bb7 12. Rfd1 Rd8 13. e4 h6 14. h3 Be7 15. Be3 O-O 16. a5 Nxa5 17. Nxa5 bxa5 18. Na4 Nd7 19. b3 f5 20. exf5 Rxf5 21. Nb2 Bxg2 22. Kxg2 Qc6+ 23. Kh2 Ne5 24. Qc1 Nf3+ 25. Kh1 Rh5 0-1


[Site "https://www.chess.com"]

[Event "Titled Tuesday Blitz June 6 Early 2023"]
[White "Fajdetic, Hrvoje"]
[Black "Ciuffoletti, Paolo"]
[WhiteFideId "14501945"]
[BlackFideId "807630"]
[WhiteElo "2185"]
[BlackElo "2143"]
[Result "1-0"]
[Round "5"]
[TimeControl "180+2"]
[Date "2023.06.06"]
[WhiteClock "0:00:11"]
[BlackClock "0:00:03"]
[Board "166"]

1. d4 d5 2. Bf4 Nf6 3. e3 c5 4. Nc3 a6 5. dxc5 Nc6 6. Nf3 e6 7. Na4 Ne4 8. Nb6 Ra7 9. Na4 Nxc5 10. c3 b5 11. Nxc5 Bxc5 12. Bd3 O-O 13. Bxh7+ Kh8 14. Bc2 f5 15. Ne5 Nxe5 16. Qh5+ Kg8 17. Bxe5 Bd6 18. Bxd6 Qxd6 19. g4 e5 20. gxf5 e4 21. Rg1 Bxf5 22. Rg5 Raf7 23. O-O-O Bh7 24. Rgxd5 Qf6 25. Bb3 Kh8 26. Rd6 1-0


[Site "https://www.chess.com"]

[Event "Titled Tuesday Blitz June 6 Early 2023"]
[White "Pinales Roussel, Gabriel"]
[Black "Sargissyan, Sargis"]
[WhiteFideId "3101762"]
[BlackFideId "13303210"]
[WhiteElo "2027"]
[BlackElo "2109"]
[Result "0-1"]
[Round "5"]
[TimeControl "180+2"]
[Date "2023.06.06"]
[WhiteClock "0:00:23"]
[BlackClock "0:00:15"]
[Board "168"]

1. d4 Nf6 2. c4 g6 3. Nc3 d5 4. Nf3 Bg7 5. Qb3 dxc4 6. Qxc4 O-O 7. e4 a6 8. Be2 b5 9. Qd3 c5 10. d5 c4 11. Qc2 e6 12. dxe6 Bxe6 13. O-O Nc6 14. a3 Qc7 15. h3 Rad8 16. Be3 Nh5 17. Ng5 Nf4 18. Bxf4 Qxf4 19. Nxe6 fxe6 20. Bg4 Nd4 21. Qc1 h5 22. Qxf4 Rxf4 23. Bd1 Nc6 24. g3 Bxc3 25. bxc3 Rf7 26. Ra2 Rfd7 27. Bf3 Rd3 28. Kg2 Rxc3 29. g4 Nd4 30. Bd1 h4 31. Rd2 e5 32. Be2 Rxa3 33. Rfd1 c3 34. Rd3 b4 35. Bf1 c2 36. Rc1 Rxd3 37. Bxd3 b3 38. Bc4+ Kg7 0-1


[Site "https://www.chess.com"]

[Event "Titled Tuesday Blitz June 6 Early 2023"]
[White "Mejia, Cherry Ann"]
[Black "campochess"]
[WhiteFideId "5206880"]
[WhiteElo "2007"]
[BlackElo "2151"]
[Result "0-1"]
[Round "5"]
[TimeControl "180+2"]
[Date "2023.06.06"]
[WhiteClock "0:01:38"]
[BlackClock "0:02:08"]
[Board "169"]

1. e4 c5 2. Nc3 Nc6 3. g3 g6 4. Bg2 Bg7 5. d3 d6 6. Be3 Nf6 7. h3 e5 8. Qd2 h6 9. f4 Rb8 10. Nf3 b5 11. fxe5 Nxe5 12. Nxe5 dxe5 13. Bxc5 b4 14. Ne2 a5 15. O-O Rb5 16. d4 Rxc5 17. Rad1 exd4 18. Nxd4 O-O 19. Qe3 Qb6 20. e5 Nd7 21. Nc6 Rxc6 0-1


[Site "https://www.chess.com"]

[Event "Titled Tuesday Blitz June 6 Early 2023"]
[White "Alahakoon, Isuru"]
[Black "Araujo Filho, Luiz Antonio Coel"]
[WhiteFideId "9900993"]
[BlackFideId "2130661"]
[WhiteElo "1819"]
[BlackElo "2056"]
[Result "1-0"]
[Round "5"]
[TimeControl "180+2"]
[Date "2023.06.06"]
[WhiteClock "0:00:32"]
[BlackClock "0:00:28"]
[Board "170"]

1. Nf3 f5 2. d3 Nf6 3. e4 d6 4. Nc3 g6 5. h4 Bg7 6. h5 e5 7. h6 Bf8 8. d4 fxe4 9. dxe5 exf3 10. exf6 Qxf6 11. Nd5 Qe5+ 12. Be3 Kd8 13. Qxf3 Be6 14. O-O-O Nc6 15. Nf4 Bxa2 16. Nd3 Qe6 17. Nc5 Qf7 18. Nxb7+ Kc8 19. Qxc6 1-0


[Site "https://www.chess.com"]

[Event "Titled Tuesday Blitz June 6 Early 2023"]
[White "Polanco Nunez, Yoel Estarling"]
[Black "Zallio, Luciano de Souza"]
[WhiteFideId "6401783"]
[BlackFideId "2109700"]
[WhiteElo "2132"]
[BlackElo "2057"]
[Result "1-0"]
[Round "5"]
[TimeControl "180+2"]
[Date "2023.06.06"]
[WhiteClock "0:00:11"]
[BlackClock "0:00:41"]
[Board "171"]

1. c4 e5 2. Nc3 d6 3. Nf3 f5 4. d4 e4 5. Ng5 Be7 6. Nh3 g5 7. f3 exf3 8. exf3 Nc6 9. Be3 f4 10. Bf2 Bxh3 11. gxh3 Qd7 12. Qd2 Nh6 13. O-O-O a6 14. Bd3 O-O-O 15. Kb1 Qxh3 16. Be4 Kb8 17. b4 Nxb4 18. Qb2 d5 19. Nxd5 Nxd5 20. Bxd5 Qc8 21. Rd3 Nf5 22. Be4 Nd6 23. c5 Nxe4 24. fxe4 Bxc5 25. Rc1 Bb6 26. Rb3 Qe6 27. d5 Qxe4+ 28. Ka1 Bxf2 29. Rxb7+ Ka8 30. Rb4 Qxd5 31. Qxf2 Qe5+ 32. Kb1 Qe3 33. Qc2 Qa7 34. Qc6+ 1-0


[Site "https://www.chess.com"]

[Event "Titled Tuesday Blitz June 6 Early 2023"]
[White "Floresvillar Gonzalez, Luis Migu"]
[Black "Korpics, Zsolt"]
[WhiteFideId "5100542"]
[BlackFideId "705241"]
[WhiteElo "2040"]
[BlackElo "2354"]
[Result "0-1"]
[Round "5"]
[TimeControl "180+2"]
[Date "2023.06.06"]
[WhiteClock "0:00:06"]
[BlackClock "0:00:08"]
[Board "172"]

1. e4 c5 2. d4 cxd4 3. c3 Nf6 4. e5 Nd5 5. Nf3 e6 6. Bc4 Nb6 7. Bb3 d6 8. cxd4 dxe5 9. dxe5 Qxd1+ 10. Bxd1 Bd7 11. O-O Bc6 12. Nc3 N8d7 13. Bf4 Nd5 14. Nxd5 Bxd5 15. Be2 a6 16. a3 Bc5 17. Rac1 Bb6 18. Rfd1 O-O 19. Ne1 Rac8 20. Bf3 Rxc1 21. Rxc1 Bxf3 22. Nxf3 Nc5 23. Be3 Nd3 24. Rc3 Bxe3 25. Rxd3 Bc1 26. Rb3 b5 27. g3 Rc8 28. a4 bxa4 29. Rb4 a5 30. Rxa4 Rc5 31. b3 Rb5 32. Kg2 g6 33. Nd4 Rxe5 34. Nc6 Rc5 35. Nxa5 Bd2 36. Nb7 Rb5 37. Rd4 Bg5 38. Nd6 Rxb3 39. h4 Bf6 40. Rd2 Rb8 41. Ne4 Be7 42. Rd7 Kf8 43. Ng5 h6 44. Ne4 Ke8 45. Ra7 Rd8 46. Ra2 f5 47. Nc3 e5 48. Nb5 e4 49. Nc3 Rc8 50. Nd1 Rd8 51. Ne3 Kf7 52. h5 Bg5 53. hxg6+ Kxg6 54. Nc4 Rc8 55. Ne5+ Kf6 56. Nd7+ Ke7 57. Nb6 Rc6 58. Nd5+ Ke6 59. Nb4 Rb6 60. Nc2 Bf6 61. Ne3 Be5 62. Nc4 Rc6 63. Nxe5 Kxe5 64. Ra5+ Kf6 65. Ra2 Kg5 66. Re2 h5 67. Rb2 h4 68. gxh4+ Kxh4 69. Rb5 Kg4 70. Rb8 Rc2 71. Rg8+ Kf4 72. Rh8 e3 73. Rh4+ Kg5 74. Rh3 Rxf2+ 75. Kg1 f4 76. Rh8 Ra2 77. Rg8+ Kf5 78. Kf1 Ke4 79. Rb8 Kf3 80. Kg1 Ra1+ 81. Kh2 e2 82. Rb3+ Kf2 83. Rb2 Kf1 0-1


[Site "https://www.chess.com"]

[Event "Titled Tuesday Blitz June 6 Early 2023"]
[White "Goswami, Vedant"]
[Black "Lakshmi C"]
[WhiteFideId "5003725"]
[BlackFideId "25035347"]
[WhiteElo "2011"]
[BlackElo "1942"]
[Result "0-1"]
[Round "5"]
[TimeControl "180+2"]
[Date "2023.06.06"]
[WhiteClock "0:00:39"]
[BlackClock "0:00:08"]
[Board "173"]

1. b3 e5 2. Bb2 Nc6 3. g3 d5 4. Bg2 g6 5. d3 Bg7 6. Nd2 Be6 7. e3 f5 8. Ne2 Nf6 9. a3 a5 10. c4 O-O 11. Qc2 Qd7 12. Nf3 e4 13. Nfd4 Ne5 14. dxe4 fxe4 15. Nf4 Nd3+ 16. Nxd3 exd3 17. Qxd3 dxc4 18. Qe2 cxb3 19. Nxe6 Qxe6 20. O-O c6 21. e4 a4 22. Qe3 Rad8 23. Rfd1 Ng4 24. Rxd8 Nxe3 25. Rxf8+ Kxf8 26. Bxg7+ Kxg7 27. fxe3 Qe5 28. Rd1 b2 29. Bf1 Qc5 30. Kf2 Qc1 31. Rd7+ Kh6 32. Bd3 b1=Q 33. Bxb1 Qxb1 34. e5 Qb2+ 35. Kf3 Qxe5 36. e4 Qc3+ 37. Kf4 Qc1+ 38. Kf3 Qxa3+ 0-1


[Site "https://www.chess.com"]

[Event "Titled Tuesday Blitz June 6 Early 2023"]
[White "Llanos, Guillermo"]
[Black "Aung Thant Zin"]
[WhiteFideId "100358"]
[BlackFideId "13000063"]
[WhiteElo "2210"]
[BlackElo "2278"]
[Result "0-1"]
[Round "5"]
[TimeControl "180+2"]
[Date "2023.06.06"]
[WhiteClock "0:00:01"]
[BlackClock "0:00:03"]
[Board "174"]

1. g3 d5 2. Bg2 e6 3. Nf3 Nf6 4. O-O Be7 5. b3 O-O 6. Bb2 c5 7. c4 Nc6 8. cxd5 Nxd5 9. Nc3 Bf6 10. Rc1 Nxc3 11. Bxc3 Rb8 12. Bxf6 Qxf6 13. Rxc5 Rd8 14. d3 Bd7 15. Qa1 Qe7 16. Rfc1 f6 17. d4 Be8 18. e3 Nb4 19. Rc7 Qf8 20. Ne1 Nd5 21. R7c2 Bg6 22. Rd2 Rdc8 23. Bxd5 exd5 24. Nd3 Rxc1+ 25. Qxc1 Rc8 26. Qd1 Qd6 27. Nf4 Bf5 28. f3 g5 29. Ne2 Qe6 30. Rd3 Bxd3 31. Qxd3 Kg7 32. g4 Rc7 33. Kf2 Qd6 34. Ng3 Qc6 35. Nf5+ Kf8 36. Kg3 Qc2 37. Qb5 Qc6 38. Qb4+ Kf7 39. h4 gxh4+ 40. Kxh4 Qc1 41. Kg3 Qg1+ 42. Kf4 Qh2+ 43. Ng3 Rd7 44. e4 h5 45. Qb5 Ke8 46. Qc5 h4 47. Kf5 Qxg3 48. Ke6 Qxf3 49. Qc8+ Rd8 50. Qc7 Qxg4+ 51. Kxf6 Qd7 0-1


[Site "https://www.chess.com"]

[Event "Titled Tuesday Blitz June 6 Early 2023"]
[White "Shtompel, Yuriy"]
[Black "Torres Dominguez, David"]
[WhiteFideId "14168278"]
[BlackFideId "2220857"]
[WhiteElo "1844"]
[BlackElo "1999"]
[Result "0-1"]
[Round "5"]
[TimeControl "180+2"]
[Date "2023.06.06"]
[WhiteClock "0:00:01"]
[BlackClock "0:00:05"]
[Board "175"]

1. Nf3 d5 2. g3 Nc6 3. Bg2 Bg4 4. O-O Qd7 5. Re1 O-O-O 6. d4 h5 7. h4 Nf6 8. a3 Ne4 9. b4 f6 10. b5 Na5 11. a4 g5 12. hxg5 h4 13. Nxh4 fxg5 14. Ng6 Bg7 15. Na3 Bh3 16. Bf3 Bg4 17. Bxe4 dxe4 18. Bxg5 Bf3 19. Bh4 Rxh4 20. Nxh4 Bg4 21. Qd2 b6 22. Qf4 Bf6 23. Qxe4 Kb8 24. Ng2 Rh8 25. f3 Bf5 26. Qf4 Bxd4+ 27. e3 Bc5 28. Kf2 Rh2 29. Rad1 Bd6 30. Qg5 Bh3 31. Rg1 Qe6 32. Rd2 Bxa3 33. Kf1 Qc4+ 34. Kf2 Bc5 35. Qe5 Bd6 36. Qh8+ Kb7 37. Qg7 Qc5 38. Qd4 Qh5 39. Qe4+ Kb8 40. Rxd6 cxd6 0-1


[Site "https://www.chess.com"]

[Event "Titled Tuesday Blitz June 6 Early 2023"]
[White "Sanchez, Robert"]
[Black "Ai, Evan"]
[WhiteFideId "2034360"]
[BlackFideId "2094770"]
[WhiteElo "1795"]
[BlackElo "1963"]
[Result "0-1"]
[Round "5"]
[TimeControl "180+2"]
[Date "2023.06.06"]
[WhiteClock "0:01:30"]
[BlackClock "0:00:33"]
[Board "176"]

1. Nf3 Nf6 2. e3 d5 3. c4 c5 4. d4 e6 5. Nc3 dxc4 6. Bxc4 a6 7. O-O b5 8. Be2 Bb7 9. dxc5 Qxd1 10. Rxd1 Bxc5 11. Bd2 Nbd7 12. Rac1 O-O 13. a3 Rac8 14. Ne1 Rfd8 15. Nd3 Be7 16. f3 e5 17. e4 Nc5 18. Be3 Nb3 19. Rc2 Nd4 20. Rcd2 Nd7 21. Bf1 Nb3 22. Rc2 a5 23. Rf2 b4 24. axb4 axb4 25. Nd5 Bxd5 26. exd5 Nf6 27. Nxe5 Rxd5 28. Rxd5 Nxd5 29. Nc4 Nxe3 30. Nxe3 Bc5 31. Re2 Nd4 32. Re1 Nc2 0-1


[Site "https://www.chess.com"]

[Event "Titled Tuesday Blitz June 6 Early 2023"]
[White "Toczek, Grzegorz"]
[Black "Joubert, Dantelle"]
[WhiteFideId "1106457"]
[BlackFideId "14310813"]
[WhiteElo "2093"]
[BlackElo "1507"]
[Result "1-0"]
[Round "5"]
[TimeControl "180+2"]
[Date "2023.06.06"]
[WhiteClock "0:01:19"]
[BlackClock "0:00:03"]
[Board "177"]

1. Nf3 d5 2. g3 Nf6 3. Bg2 e6 4. O-O Be7 5. d3 O-O 6. c3 c5 7. Nbd2 Nc6 8. e4 b6 9. Re1 Bb7 10. Qc2 Ba6 11. e5 Nd7 12. a3 Qc7 13. d4 Rac8 14. Qa4 Bd3 15. h4 b5 16. Qd1 cxd4 17. cxd4 Qb6 18. Nb3 Be4 19. Be3 a5 20. Rc1 a4 21. Nc5 Nxc5 22. dxc5 Qb7 23. Bf4 Na5 24. Ng5 Bxg2 25. Kxg2 h6 26. Qh5 hxg5 27. hxg5 d4+ 28. f3 f6 29. g6 1-0


[Site "https://www.chess.com"]

[Event "Titled Tuesday Blitz June 6 Early 2023"]
[White "Antonio, Jorge Carlos"]
[Black "Hinds, Nathan"]
[WhiteFideId "113190"]
[BlackFideId "7400730"]
[WhiteElo "2247"]
[BlackElo "2001"]
[Result "1-0"]
[Round "5"]
[TimeControl "180+2"]
[Date "2023.06.06"]
[WhiteClock "0:00:10"]
[BlackClock "0:00:16"]
[Board "178"]

1. e4 c6 2. d4 d5 3. exd5 cxd5 4. Nf3 Nc6 5. Bd3 Bg4 6. c3 Qc7 7. h3 Bxf3 8. Qxf3 e6 9. O-O Nf6 10. Bf4 Bd6 11. Bxd6 Qxd6 12. Re1 O-O 13. Nd2 a6 14. Qe3 b5 15. b4 Rac8 16. Nb3 Nd7 17. Nc5 Nxc5 18. dxc5 Qe7 19. a4 bxa4 20. Rxa4 a5 21. b5 d4 22. cxd4 Nb4 23. Rxa5 Rfd8 24. Qe4 Nxd3 25. Qxd3 Rxc5 26. Rea1 Rcd5 27. b6 Rxd4 28. Qf3 R4d7 29. Ra8 Qf8 30. b7 g6 31. Rxd8 Rxd8 32. Ra8 Kg7 33. Qc3+ f6 34. Qc7+ Kh6 35. Qxd8 Qc5 36. Qf8+ Qxf8 37. Rxf8 Kg5 38. b8=Q 1-0


[Site "https://www.chess.com"]

[Event "Titled Tuesday Blitz June 6 Early 2023"]
[White "Winkels, Marcel"]
[Black "Baraeva, Irina"]
[WhiteFideId "1003887"]
[BlackFideId "24142565"]
[WhiteElo "1900"]
[BlackElo "2085"]
[Result "0-1"]
[Round "5"]
[TimeControl "180+2"]
[Date "2023.06.06"]
[WhiteClock "0:00:02"]
[BlackClock "0:00:35"]
[Board "179"]

1. e4 e6 2. d4 d5 3. e5 c5 4. c3 Qb6 5. Nf3 Nc6 6. Bd3 Bd7 7. O-O cxd4 8. Qe2 Nge7 9. h4 a6 10. Na3 dxc3 11. bxc3 Na5 12. Be3 Qc7 13. Rac1 Nec6 14. Bf4 Bxa3 15. Rc2 b5 16. Nd4 Nc4 17. Bxc4 bxc4 18. Bg3 Rb8 19. f4 Nxd4 20. cxd4 Ba4 21. Rd2 Qb6 22. f5 c3 23. fxe6 Qxe6 24. Rd3 Bb5 25. Rb1 O-O 26. Qf3 Bxd3 27. Qxd3 Rxb1+ 28. Qxb1 Rc8 29. Qc2 Qg6 30. Qf2 c2 31. Bf4 c1=Q+ 32. Bxc1 Rxc1+ 33. Kh2 Rc2 34. Qf3 Bb2 35. Qxd5 h6 36. Qb3 Qxg2# 0-1


[Site "https://www.chess.com"]

[Event "Titled Tuesday Blitz June 6 Early 2023"]
[White "Antonova, Nadezhda"]
[Black "Sokolov, Andrei"]
[WhiteFideId "14700182"]
[BlackFideId "11600306"]
[WhiteElo "1795"]
[BlackElo "2473"]
[Result "1-0"]
[Round "5"]
[TimeControl "180+2"]
[Date "2023.06.06"]
[WhiteClock "0:02:33"]
[BlackClock "0:02:10"]
[Board "180"]

1. Nf3 Nf6 2. b3 g6 3. Bb2 Bg7 4. g3 O-O 5. Bg2 d6 6. d4 Nbd7 7. O-O Re8 8. Re1 e5 9. dxe5 dxe5 10. e4 c6 11. Nbd2 Qc7 12. Nc4 b6 13. Qd6 Qxd6 14. Nxd6 Rd8 15. Rad1 Nc5 16. Nxe5 Be6 17. Nxc6 Rd7 18. e5 Ne8 19. Ne7+ Rxe7 20. Bxa8 1-0


[Site "https://www.chess.com"]

[Event "Titled Tuesday Blitz June 6 Early 2023"]
[White "Francisco_Ferrari"]
[Black "Toncheva, Nadya"]
[BlackFideId "2924056"]
[WhiteElo "2133"]
[BlackElo "2101"]
[Result "0-1"]
[Round "5"]
[TimeControl "180+2"]
[Date "2023.06.06"]
[WhiteClock "0:00:03"]
[BlackClock "0:00:11"]
[Board "181"]

1. c4 c5 2. Nf3 Nc6 3. Nc3 g6 4. g3 e5 5. Bg2 Bg7 6. O-O Nge7 7. d3 O-O 8. Ne1 d6 9. Nc2 Be6 10. Ne3 Rb8 11. Ned5 f5 12. Bg5 Qd7 13. Nxe7+ Nxe7 14. Bxe7 Qxe7 15. Bd5 f4 16. a3 h5 17. b4 b6 18. Qa4 h4 19. Qc6 Kh7 20. Bxe6 Qxe6 21. Qd5 Qg4 22. Qf3 Qxf3 23. exf3 e4 24. Nxe4 Bxa1 25. Rxa1 hxg3 26. hxg3 fxg3 27. fxg3 Kg7 28. Kg2 Rh8 29. Nxd6 Rbd8 30. bxc5 bxc5 31. Ne4 Rxd3 32. Rb1 Rxa3 33. Rb7+ Kh6 34. Kh3 Rxf3 35. Kg4 Rhf8 36. Nd6 Rf1 37. Ne4 Rd1 38. Nxc5 Rd4+ 39. Kh3 Rxc4 40. Ne6 Rf6 41. Nf4 g5 42. Nd5 g4+ 43. Kh4 Rf1 44. Nf4 a5 45. Kxg4 a4 46. Ra7 Ra1 47. Kh4 a3 48. Kg4 a2 49. Kf5 Rc5+ 50. Kg4 Rg5+ 51. Kh4 Rh1+ 0-1


[Site "https://www.chess.com"]

[Event "Titled Tuesday Blitz June 6 Early 2023"]
[White "Flis, Pawel"]
[Black "Womacka, Mathias"]
[WhiteFideId "1112864"]
[BlackFideId "4611390"]
[WhiteElo "1822"]
[BlackElo "2377"]
[Result "0-1"]
[Round "5"]
[TimeControl "180+2"]
[Date "2023.06.06"]
[WhiteClock "0:00:01"]
[BlackClock "0:00:34"]
[Board "182"]

1. e4 c5 2. Nf3 d6 3. d4 cxd4 4. Nxd4 Nf6 5. Nc3 a6 6. Bg5 e6 7. f4 h6 8. Bh4 Qb6 9. Bxf6 gxf6 10. Nb3 Qe3+ 11. Be2 Qxf4 12. Rf1 Qxh2 13. Rxf6 Bg7 14. Rf2 Bxc3+ 15. bxc3 Nc6 16. Qd2 Bd7 17. O-O-O O-O-O 18. Qxd6 Qxd6 19. Rxd6 Ne5 20. Bh5 Rhf8 21. Nc5 Bc6 22. Rxd8+ Rxd8 23. Bxf7 Nxf7 24. Rxf7 Rg8 25. Nxe6 Bxe4 26. Rc7+ Kb8 27. Rg7 Rxg7 28. Nxg7 Bxg2 29. Kd2 Be4 30. Ke3 Bxc2 31. Ne6 Ka7 32. Kd4 Kb6 33. Nf4 Kb5 34. a3 Ka4 35. Nd5 Kxa3 36. Nb4 Bg6 37. Nd5 Kb3 38. Ne7 Bc2 39. c4 a5 40. c5 a4 0-1


[Site "https://www.chess.com"]

[Event "Titled Tuesday Blitz June 6 Early 2023"]
[White "Beydullayeva, Govhar"]
[Black "Lisjak, Zlatko"]
[WhiteFideId "13413015"]
[BlackFideId "14502186"]
[WhiteElo "2153"]
[BlackElo "1998"]
[Result "1-0"]
[Round "5"]
[TimeControl "180+2"]
[Date "2023.06.06"]
[WhiteClock "0:00:06"]
[BlackClock "0:00:01"]
[Board "183"]

1. d4 d6 2. Nf3 Bg4 3. Nbd2 Nf6 4. g3 Nbd7 5. Bg2 c6 6. O-O e5 7. dxe5 dxe5 8. Nc4 Qc7 9. h3 Bh5 10. Qe1 Bg6 11. Qc3 Ne4 12. Qb3 Bc5 13. Nh4 Nxf2 14. Rxf2 Bxf2+ 15. Kxf2 b5 16. Ne3 O-O 17. Nxg6 hxg6 18. Bd2 Rad8 19. Bc3 a5 20. a3 Nc5 21. Qa2 Ne6 22. Rd1 Rxd1 23. Nxd1 Rd8 24. Ne3 Nd4 25. Qb1 Qe7 26. Qf1 b4 27. axb4 axb4 28. Bxd4 exd4 29. Nc4 Qe6 30. b3 Re8 31. Bf3 f5 32. Qc1 Qf6 33. Qf4 g5 34. Qd6 Re6 35. Qb8+ Kh7 36. Kg2 Re7 37. Qc8 f4 38. g4 Qh6 39. Qf5+ g6 40. Qf6 Rg7 41. Qxc6 Qh4 42. Ne5 Qg3+ 43. Kf1 1-0


[Site "https://www.chess.com"]

[Event "Titled Tuesday Blitz June 6 Early 2023"]
[White "Barbot, Pierre"]
[Black "Blackwhite017"]
[WhiteFideId "663727"]
[WhiteElo "2431"]
[BlackElo "2076"]
[Result "1-0"]
[Round "5"]
[TimeControl "180+2"]
[Date "2023.06.06"]
[WhiteClock "0:01:29"]
[BlackClock "0:01:04"]
[Board "184"]

1. d4 d5 2. Nf3 c6 3. Bf4 Nf6 4. e3 g6 5. h3 Bg7 6. Nbd2 O-O 7. Bd3 b6 8. Qe2 Bb7 9. O-O Re8 10. c3 e6 11. Bh2 Nbd7 12. Ne5 Nxe5 13. Bxe5 Nd7 14. Bxg7 Kxg7 15. e4 c5 16. e5 cxd4 17. cxd4 Rc8 18. f4 f5 19. exf6+ Qxf6 20. Qe3 Nb8 21. Nf3 Nc6 22. Ne5 Nxe5 23. fxe5 Qe7 24. Rf6 Rf8 25. Raf1 Bc6 26. Qg5 Qd7 27. Bxg6 hxg6 28. Qxg6+ Kh8 29. Rxf8+ Rxf8 30. Rxf8# 1-0


[Site "https://www.chess.com"]